 Dungeon Crawl Stone Soup version 0.23-a0-582-g1b4a0ca2fb (webtiles) character file.

330 LLavrengius the Magician (level 6, -5/52 HPs)
             Began as a Draconian Wizard on Dec 15, 2018.
             Slain by an ogre
             ... wielding a +0 giant club
              (24 damage)
             ... on level 4 of the Dungeon on Dec 16, 2018.
             The game lasted 00:24:09 (4731 turns).

LLavrengius the Magician (Draconian Wizard)         Turns: 4731, Time: 00:24:09

Health: -5/52      AC:  7    Str: 10    XL:     6   Next: 26%
Magic:  2/12       EV: 12    Int: 20    God:
Gold:   124        SH:  0    Dex:  9    Spells: 8/13 levels left

rFire    . . .     SeeInvis .   m - +1 long sword
rCold    . . .     Gourm    .   (no shield)
rNeg     . . .     Faith    .   (armour unavailable)
rPois    .         Spirit   .   a - +1 hat
rElec    .         Reflect  .   (no cloak)
rCorr    .         Harm     .   (no gloves)
MR       .....                  (no boots)
Stlth    ++........             (no amulet)
HPRegen  0.17/turn              (no ring)
MPRegen  0.13/turn              (no ring)

@: slowed, very slow
A: unfitting armour, cold-blooded, AC +6
a: no special abilities


You were on level 4 of the Dungeon.
You were hungry.

You visited 1 branch of the dungeon, and saw 4 of its levels.
You also visited: Sewer and Ossuary.

You collected 124 gold pieces.

Inventory:

Hand Weapons
 d - a +0 dagger
 m - a +1 long sword (weapon)
 p - a +0 quarterstaff
Missiles
 g - 257 stones (quivered)
Armour
 a - a +1 hat (worn)
 e - a +0 buckler
 n - a +2 shield
Jewellery
 k - a +4 ring of evasion {unknown}
Scrolls
 b - a scroll of amnesia
 h - 2 scrolls of teleportation
 q - a scroll of fear
 s - a scroll of magic mapping {unknown}
 u - a scroll of fog
 v - 2 scrolls of remove curse
Potions
 f - 2 potions of agility
 i - 5 potions of flight
 j - 2 potions of resistance
 l - 2 potions of haste
 o - a potion of brilliance
 r - a potion of heal wounds
 t - 3 potions of mutation {unknown}
 w - a potion of curing {unknown}
Comestibles
 c - 6 rations


   Skills:
 + Level 4.0 Fighting
 - Level 2.0 Dodging
 - Level 1.7 Stealth
 + Level 4.3 Spellcasting
 - Level 1.0 Conjurations
 + Level 3.4 Summonings
 - Level 1.0 Translocations


You had 8 spell levels left.
You knew the following spells:

 Your Spells              Type           Power        Failure   Level  Hunger
a - Magic Dart            Conj           #...         9%          1    None
b - Blink                 Tloc           N/A          12%         2    #......
c - Call Imp              Summ           ###.....     4%          2    #......

Your spell library contained the following spells:

 Spells                   Type           Power        Failure   Level  Hunger
 Slow                     Hex            #.......     19%         2    #......
 Conjure Flame            Conj/Fire      #.......     30%         3    ###....
 Mephitic Cloud           Conj/Pois/Air  #.......     32%         3    ###....


Dungeon Overview and Level Annotations

Branches:
Dungeon (4/15)
 Temple: D:4-7

Altars:


Innate Abilities, Weirdness & Mutations

Your plain brown scales are hard. (AC +6)
You cannot fit into any form of body armour.
You are cold-blooded and may be slowed by cold attacks.


Message History

The quokka zombie completely resists.
Unknown command.
You are too injured to fight recklessly!
Unknown command.
You hit the quokka zombie.
The quokka zombie is heavily damaged.
The quokka zombie bites you but does no damage.
Your white imp gestures at the quokka zombie.
The puff of frost hits the quokka zombie.
The quokka zombie resists.
Your crimson imp blinks!
The quokka zombie barely misses your white imp.
Your white imp gestures at the quokka zombie.
The puff of frost hits the quokka zombie.
The quokka zombie resists.
You hit the quokka zombie.
You destroy the quokka zombie!
Your crimson imp blinks!
The ogre hits you with a +0 giant club!!
You die...

##..##..#
##..##..#
##.......#
##.......##
.......).#
####.....##
#..#..# .#
########....#...#
#....5@.......#
#.###O###.#5.##
#Z#.#.#.##.#
#.#.#.#.# #.#
#.....#.# .#
#.....#.# .#
#######.# .# ...


You could see an ogre, a friendly crimson imp and a friendly white imp.

Vanquished Creatures
  An ooze (D:3)
  A worm (D:3)
  A dart slug (D:1)
  2 orcs
  8 bats
  4 giant cockroaches
  2 goblins (D:1)
  4 hobgoblins (D:1)
  5 jackals
  2 quokkas (D:3)
  A ball python (D:2)
  2 frilled lizards
  6 gnoll skeletons (Ossuary)
  3 kobolds
  5 kobold skeletons (Ossuary)
  8 orc skeletons (Ossuary)
  A quokka zombie (D:4)
  7 rats
63 creatures vanquished.

Vanquished Creatures (collateral kills)
  Purgy (Sewer)
  An ogre (D:4)
  A scorpion (D:4)
  A jelly (D:3)
  A centaur zombie (D:2)
  A mummy (Ossuary)
  2 adders
  4 worms
  An orc (D:4)
  2 giant cockroaches
  3 jackals (D:2)
  3 gnoll skeletons (Ossuary)
  A goblin (D:2)
  A kobold skeleton (Ossuary)
  2 orc skeletons (Ossuary)
25 creatures vanquished.

Grand Total: 88 creatures vanquished

Notes
Turn   | Place    | Note
-------+----------+-------------------------------------------
     0 | D:1      | LLavrengius the Draconian Wizard began the quest for the
                  | Orb.
     0 | D:1      | Reached XP level 1. HP: 14/14 MP: 4/4
   102 | D:1      | Reached skill level 1 in Fighting
   297 | D:1      | Reached XP level 2. HP: 23/23 MP: 0/6
   322 | D:1      | Learned a level 2 spell: Blink
   325 | D:1      | Learned a level 2 spell: Call Imp
  1793 | D:2      | Reached XP level 3. HP: 27/29 MP: 0/7
  2475 | D:2      | Upgraded the game from 0.23-a0-577-g2b1de944cd to
                  | 0.23-a0-582-g1b4a0ca2fb
  2524 | D:3      | Reached XP level 4. HP: 30/37 MP: 3/9
  2733 | D:3      | Found a glowing drain.
  2777 | Sewer    | Entered a sewer
  2805 | Sewer    | Noticed Purgy
  2815 | Sewer    | Killed Purgy
  2815 | Sewer    | Reached XP level 5. HP: 20/45 MP: 3/10
  3818 | D:4      | Noticed an ogre
  3818 | D:4      | Noticed an ogre
  3831 | D:4      | Killed an ogre
  3831 | D:4      | Reached XP level 6. HP: 17/52 MP: 2/12
  3832 | D:4      | Found a sand-covered staircase.
  3839 | Ossuary  | Entered an ossuary
  3839 | Ossuary  | Noticed a wraith
  3839 | Ossuary  | Noticed a wraith
  3839 | Ossuary  | Noticed a wraith
  4649 | Ossuary  | Noticed a wraith
  4731 | D:4      | Slain by an ogre

Vault maps used:
D:1:      wander_arrival_chamber
D:2:      serial_forest, infiniplex_forest_end_2, infiniplex_forest_clump_long,
          infiniplex_forest_end_2, infiniplex_forest_end_2,
          infiniplex_forest_clump_medium, infiniplex_forest_end_3,
          infiniplex_forest_clump_diagonal, infiniplex_forest_clump_large,
          first_ration, hangedman_decor_points, minmay_tetromino_s2
D:3:      cheibrodos_sewer_entry_bend
D:4:      enter_ossuary_4, minmay_close_crescents, uniq_grinder, uniq_eustachio,
          uniq_blork_the_orc
Sewer:    kennysheep_door_sewer
Ossuary:  ossuary_due_mausoleum

Skill      XL: |  1  2  3  4  5  6 |
---------------+-------------------+-----
Fighting       | 1 2 3 4 |  4.0
Dodging        | 2 |  2.0
Summonings     | 2 3 |  3.4
Spellcasting   | 4 |  4.3
Stealth        | |  1.7
Conjurations   | |  1.0
Translocations | |  1.0

Action                   |  1- 3 |  4- 6 || total
-------------------------+-------+-------++-------
Melee: Unarmed           |    11 |       ||    11
       Tailslap          |    13 |    15 ||    28
       Dagger            |   126 |       ||   126
       Quarterstaff      |     6 |   146 ||   152
       Long sword        |       |     2 ||     2
 Cast: Magic Dart        |    30 |     1 ||    31
       Call Imp          |    12 |    31 ||    43
       Blink             |     3 |     4 ||     7
  Use: Scroll            |     5 |     9 ||    14
       Potion            |       |     2 ||     2
 Stab: Sleeping          |     2 |     2 ||     4
  Eat: Chunk             |     4 |     6 ||    10
       Ration            |       |     1 ||     1
Armor: Skin              |    41 |    57 ||    98
Dodge: Dodged            |    97 |   124 ||   221
       Rpst.: Long sword |       |     3 ||     3

Table legend:
 A = Non-vault XP
 B = Vault XP
 C = Vault XP percentage of total XP
 D = Non-vault monster count
 E = Vault monster count
 F = Vault count percentage of total count
                 A         B        C        D         E       F
            +---------+---------+-------+---------+---------+-------
      Total |     313 |     159 |  33.7 |      50 |      38 |  43.2
            +---------+---------+-------+---------+---------+-------
        D:1 |      25 |       0 |   0.0 |      14 |       0 |   0.0
        D:2 |      47 |       5 |   9.6 |      14 |       2 |  12.5
        D:3 |      89 |      10 |  10.1 |      18 |       3 |  14.3
        D:4 |     152 |       1 |   0.7 |       4 |       1 |  20.0
      Sewer |       0 |     105 | 100.0 |       0 |       6 | 100.0
    Ossuary |       0 |      38 | 100.0 |       0 |      26 | 100.0
            +---------+---------+-------+---------+---------+-------
